 Dungeon Crawl Stone Soup version 0.31-a0-233-g139696dc86 (webtiles) character file.

Game seed: 1800655957117257027

606 Morbidden the Trooper (level 7, 0/36 HPs)
             Began as a Vine Stalker Fighter on July 8, 2023.
             Succumbed to a water moccasin's poison
             ... on level 7 of the Dungeon.
             The game lasted 00:05:04 (3453 turns).

Morbidden the Trooper (Vine Stalker Fighter)        Turns: 3453, Time: 00:05:05

Health: 0/36       AC: 10    Str: 18    XL:     7   Next: 42%
Magic:  10/10      EV:  8    Int: 10    God:
Gold:   167        SH:  5    Dex: 14    Spells: 7/9 levels left

rFire   . . .        a - +1 war axe
rCold   . . .        c - +0 buckler
rNeg    . . .        e - +1 chain mail
rPois   .            (no helmet)
rElec   .            (no cloak)
rCorr   .            (no gloves)
SInv    .            (no boots)
Will    .....        (no amulet) Stlth
                     (no ring)
HPRegen 1.06/turn    (no ring)
MPRegen 0.12/turn

%: guardian spirit
@: lethally poisoned (0 -> -17)
A: fangs 2, regeneration 1, magic shield, antimagic bite, no potion heal 2
a: no special abilities


You were on level 7 of the Dungeon.
You visited 1 branch of the dungeon, and saw 8 of its levels.

You collected 167 gold pieces.

Inventory:

Hand Weapons
 a - a +1 war axe (weapon)
 b - a +2 whip of electrocution
Armour
 c - a +0 buckler (worn)
 e - a +1 chain mail (worn)
 l - a +0 pair of boots
Scrolls
 f - 2 scrolls of enchant armour
 g - 6 scrolls of identify
 h - 3 scrolls of poison
Potions
 d - a potion of might
 i - a potion of resistance {unknown}
 j - a potion of mutation {unknown}
 k - 2 potions of curing {unknown}
 m - 3 potions of brilliance {unknown}
 n - a potion of heal wounds {unknown}
 o - 2 potions of degeneration {unknown}
 p - a potion of lignification {unknown}
 r - a potion of cancellation {unknown}


   Skills:
 * Level 3.3 Fighting
 * Level 2.8(3.2) Axes
 * Level 1.4(2.9) Maces & Flails
 * Level 1.3(2.8) Polearms
 + Level 2.3(2.8) Staves
 + Level 0.2 Throwing
 * Level 3.2 Armour
 * Level 1.6 Dodging
 + Level 0.2 Stealth
 * Level 3.2 Shields
 * Level 1.6 Spellcasting
 * Level 1.5 Conjurations
 * Level 1.5 Fire Magic
 * Level 1.2 Air Magic


You had 7 spell levels left.
You knew the following spells:

 Your Spells              Type           Power      Damage    Failure   Level
a - Shock                 Conj/Air       12%        1d3       91%         1
b - Foxfire               Conj/Fire      12%        2x1d4     90%         1

Your spell library contained the following spells:

 Spells                   Type           Power      Damage    Failure   Level
 Cigotuvi's Dreadful Rot  Necr/Pois/Air  2%         N/A       99%         2
 Ignite Poison            Fire/Tmut/Pois 1%         N/A       100%        3
 Swiftness                Air            3%         N/A       100%        3
 Airstrike                Air            1%         2d(1-17)  100%        4
 Fireball                 Conj/Fire      1%         3d3       100%        5
 Freezing Cloud           Conj/Ice/Air   1%         6-21      100%        5
 Plasma Beam              Fire/Air       1%         2x1d11    100%        6
 Starburst                Conj/Fire      1%         6d3       100%        6


Dungeon Overview and Level Annotations

Branches:
Dungeon (8/15)             Temple (0/1) D:5
   Lair: D:8-11

Altars:

Annotations:
D:4 MrAu's ghost, novice DjCA


Innate Abilities, Weirdness & Mutations

You have extremely sharp teeth.
Your natural rate of healing is unusually fast.
When hurt, damage is shared between your health and your magic reserves.
Your bite disrupts and absorbs the magic of your enemies.
Potions cannot restore your health.


Message History

Unknown command.
You slash the scorpion!
You kill the scorpion!
You feel very sick.
You feel sick.
You see here a scorpion corpse.
You are too injured to fight recklessly!
You feel sick.
You feel sick.
You feel sick.
h - 3 scrolls of poison (gained 1)
You feel sick.
There are no items here.
You feel sick.
You feel sick.
You feel sick.
You are no longer poisoned.
As you open the door, it creaks loudly!
A water moccasin comes into view.
The water moccasin hisses angrily.
Something shouts, "Bolt, thou euchred fat-kidneyed flirt-gill!"
Found 2 white potions.
You miss the water moccasin. The water moccasin bites you.
You are poisoned.
The water moccasin poisons you!
A white imp comes into view.
The water moccasin bites you but does no damage.
Unknown command.
You miss the water moccasin. Your bite misses the water moccasin.
You feel very sick. The water moccasin barely misses you.
The water moccasin bites you.
You are lethally poisoned!
The water moccasin poisons you! The white imp gestures at you.
The puff of frost hits you.
* * * LOW HITPOINT WARNING * * *
You closely miss the water moccasin. You bite the water moccasin.
You drain its power.
You feel invigorated.
The water moccasin is moderately wounded.
You die...

#.# #5# #.# +# #.# ...
### #.# ..!.
#######.###.# .....
####........##.#......
..............@S......
###.##........#......
#.##†#..##### .....
#....).## ....
####.### ... #.# +#
#.# #.########
#........#


You could see a water moccasin and a white imp.

Vanquished Creatures
  An ogre (D:5)
  3 scorpions
  A jelly (D:6)
  A hound (D:6)
  An iguana (D:6)
  8 gnolls
  6 adders
  A white imp (D:6)
  An ufetubus (D:5)
  A worm (D:2)
  A dart slug (D:2)
  6 orcs
  8 endoplasms
  8 goblins
  5 hobgoblins
  17 jackals
  10 kobolds
  4 quokkas
  10 ball pythons
  6 bats (D:1)
  4 frilled lizards
  4 rats
107 creatures vanquished.

Notes
Turn   | Place    | Note
-------+----------+-------------------------------------------
     0 | D:1      | Morbidden the Vine Stalker Fighter began the quest for the
                  | Orb.
     0 | D:1      | Reached XP level 1. HP: 11/11 MP: 2/2
   188 | D:1      | Reached XP level 2. HP: 12/16 MP: 1/3
   341 | D:1      | Learned a level 1 spell: Shock
   555 | D:1      | Reached XP level 3. HP: 14/19 MP: 4/4
   680 | D:1      | Learned a level 1 spell: Foxfire
  1124 | D:2      | Gained mutation: Your natural rate of healing is unusually
                  | fast. [Vine Stalker growth]
  1124 | D:2      | Reached XP level 4. HP: 17/23 MP: 5/5
  1341 | D:2      | Reached skill level 1 in Staves
  1647 | D:3      | Found a faded altar of an unknown god.
  2171 | D:4      | Noticed a scorpion
  2182 | D:4      | Killed a scorpion
  2183 | D:4      | Reached skill level 1 in Dodging
  2183 | D:4      | Reached skill level 1 in Spellcasting
  2183 | D:4      | Reached skill level 1 in Conjurations
  2183 | D:4      | Reached XP level 5. HP: 15/28 MP: 5/7
  2351 | D:4      | Found a runed translucent gate.
  2351 | D:4      | Found a runed translucent gate.
  2351 | D:4      | Found a runed translucent gate.
  2354 | D:4      | Noticed MrAu's ghost (novice DjCA)
  2464 | D:4      | Reached XP level 6. HP: 32/32 MP: 5/8
  2926 | D:5      | Entered Level 5 of the Dungeon
  2939 | D:5      | Noticed an acid dragon
  2949 | D:5      | Found a staircase to the Ecumenical Temple.
  2966 | D:5      | Reached skill level 1 in Polearms
  2966 | D:5      | Reached skill level 1 in Air Magic
  2973 | D:5      | Reached skill level 1 in Maces & Flails
  2983 | D:5      | Reached skill level 1 in Fire Magic
  3249 | D:6      | Reached XP level 7. HP: 33/36 MP: 8/10
  3410 | D:6      | You fall into a shaft and drop 2 floors!
  3453 | D:7      | Succumbed to a water moccasin's poison

Illustrated notes

Levels and vault maps discovered:
D:1:      mrwooster_arrival_arrow, layout_loops_ring, minivault_19
D:2:      layout_loops_cross
D:3:      layout_loops_ring, hellmonk_ecumenical_altar_pennies_from_heaven
D:4:      layout_basic, gammafunk_ghost_necromancy
D:5:      layout_cave_pools, temple_pool_b
D:6:      layout_gridville, nicolae_underground_beach
D:7:      layout_loops_corners, enter_bailey_7, uniq_prince_ribbit1,
          uniq_duvessa
D:8:      layout_rooms, led_xom_imps, mainiacjoe_overflow_six_doors_small,
          uniq_amaemon

Skill      XL: |  1  2  3  4  5  6 |
---------------+-------------------+-----
Axes           | 2 |  2.8
Staves         | 1 2 |  2.3
Fighting       | 3 |  3.3
Dodging        | 1 |  1.6
Shields        | 3 |  3.2
Spellcasting   | 1 |  1.6
Conjurations   | 1 |  1.5
Polearms       | 1 |  1.3
Armour         | 3 |  3.2
Air Magic      | 1 |  1.2
Maces & Flails | 1 |  1.4
Fire Magic     | 1 |  1.5
Throwing       | |  0.2
Stealth        | |  0.2

Action                     |  1- 3 |  4- 6 |  7- 9 || total
---------------------------+-------+-------+-------++-------
  Melee: War axe           |    29 |    48 |    17 ||    94
         Bite              |    31 |    45 |     5 ||    81
         Lajatang          |    73 |   104 |       ||   177
  Throw: Dart              |       |     4 |       ||     4
    Use: Scroll            |       |     5 |     2 ||     7
 Armour: Chain mail        |    84 |   113 |     9 ||   206
         Scale mail        |     3 |       |       ||     3
  Dodge: Dodged            |    46 |    84 |    11 ||   141
  Block: Buckler           |     7 |    19 |     5 ||    31

Table legend: (Time is in decaauts)
 A = Elapsed time spent in this place.
 B = Non-inter-level travel time spent in this place.
 C = Inter-level travel time spent in this place.
 D = Time resting spent in this place.
 E = Time spent auto-exploring this place.
 F = Levels seen in this place.
 G = Mean time per level.
                   A        B        C        D        E       F      G
               +--------+--------+--------+--------+--------+-----+--------+
         Total |   3551 |   3433 |    118 |     17 |   2604 |   8 |  443.9 |
       Dungeon |   3551 |   3433 |    118 |     17 |   2604 |   8 |  443.9 |
               +--------+--------+--------+--------+--------+-----+--------+

Top non-repeatable levels by time:
     D:1: 956 daAuts
     D:4: 822 daAuts
     D:2: 630 daAuts
     D:3: 590 daAuts
     D:6: 398 daAuts
     D:5: 106 daAuts
     D:7: 36 daAuts
     D:8: 9 daAuts
